 Dungeon Crawl Stone Soup version 0.30-b1-2-g02819fbbbe (webtiles) character file.

Game seed: 15898319312603440574

165 Arcadio the Ducker (level 5, 0/39 HPs)
             Began as a Djinni Fire Elementalist on May 16, 2023.
             Was a Believer of Qazlal.
             Slain by a jelly (2 damage)
             ... on level 3 of the Dungeon.
             The game lasted 00:03:57 (1973 turns).

Arcadio the Ducker (Djinni Fire Elementalist)       Turns: 1973, Time: 00:03:58

Health: 0/39       AC:  2    Str:  7    XL:     5   Next: 75%
Gold:   123        EV: 13    Int: 18    God:    Qazlal [**....] SH: 11 Dex: 12

rFire   + + +        i - +2 short sword (flame)
rCold   x . .        (no shield)
rNeg    . . .        a - +0 robe
rPois   ∞            (no helmet)
rElec   .            (no cloak)
rCorr   .            (no gloves)
SInv    .            (boots unavailable)
Will    .....        g - amulet of reflection
Stlth   ++           o - ring of protection from fire
HPRegen 0.26/turn    (no ring)
MPRegen 0.00/turn

%: reflection, infuse magic (-1 HP)
@: flying
A: sickness immunity, fire resistance 2, cold vulnerability 1, float, innate
caster, HP casting, extra vitality 1, large bone plates 1, clumsy 1
a: Renounce Religion, Upheaval


You were on level 3 of the Dungeon.
You worshipped Qazlal.
Qazlal was pleased with you.
You visited 1 branch of the dungeon, and saw 3 of its levels.

You collected 123 gold pieces.

Inventory:

Hand Weapons
 e - a +0 dagger
 h - a +0 short sword of venom
 i - a +2 short sword of flaming (weapon)
Missiles
 k - a throwing net
Armour
 a - a +0 robe (worn)
Jewellery
 f - an amulet of the acrobat
 g - an amulet of reflection (around neck)
 o - a ring of protection from fire (left hand)
Scrolls
 b - a scroll of enchant armour {unknown}
 c - 2 scrolls of identify {unknown}
 j - a scroll of vulnerability {unknown}
 m - a scroll of acquirement {unknown}
Potions
 d - a potion of heal wounds {unknown}
 l - a potion of cancellation
 n - a potion of attraction {unknown}
 p - a potion of might {unknown}
 q - a potion of mutation


   Skills:
 + Level 2.7 Fighting
 + Level 3.9 Dodging
 - Level 1.5 Stealth
 + Level 3.2 Spellcasting


You knew the following spells:

 Your Spells              Type           Power      Damage    Failure   Level
a - Foxfire               Conj/Fire      56%        2x1d6     4%          1
b - Scorch                Fire           28%        2d6       6%          2
c - Volatile Blastmotes   Fire/Tloc      28%        2d12      12%         3
d - Inner Flame           Hex/Fire       14%        N/A       12%         3
e - Flame Wave            Conj/Fire      14%        2d6       38%         4
f - Freeze                Ice            56%        1d7       4%          1
g - Static Discharge      Conj/Air       28%        2-4/arc   6%          2
Your spell library was empty.

Dungeon Overview and Level Annotations

Branches:
Dungeon (3/15) Zot: 16028

Altars:
Qazlal


Innate Abilities, Weirdness & Mutations

You are immune to sickness and miasma.
You are immune to poison.
Your flesh is very heat resistant. (rF++)
You are vulnerable to cold. (rC-)
You float through the air rather than walking.
You learn spells naturally, not from books.
Your magical power is your life essence.
You have superior vitality. (+4 MHP)
You are partially covered in large bone plates. (SH +4)
You are clumsy. (Dex -2)


Message History

The endoplasm is no longer more vulnerable to fire.
The jelly hits you.
You are splashed with acid.
* * * LOW HITPOINT WARNING * * *
Things that are here:
a +0 short sword; a kobold corpse It was a potion of cancellation.
You feel magically purged.
Your magical contamination has completely faded away.
The jelly completely misses you.
It was a potion of mutation.
You feel extremely strange.
Large bone plates grow over parts of your arms.
You feel clumsy. The jelly hits you but does no damage.
Casting: Scorch (safe; 6% risk of failure)
Confirm with . or Enter, or press ? or * to list all spells.
You conjure some foxfire!
* * * LOW HITPOINT WARNING * * *
The jelly misses you.
Your foxfire dissipates!
The jelly attacks as you move away! You block the jelly's attack.
Casting: Foxfire (safe; 4% risk of failure)
Confirm with . or Enter, or press ? or * to list all spells.
Flames lash the endoplasm.
You kill the endoplasm!
Qazlal accepts your kill.
* * * LOW HITPOINT WARNING * * *
You block the jelly's attack.
Casting: Scorch (safe; 6% risk of failure)
Confirm with . or Enter, or press ? or * to list all spells.
Flames lash the jelly.
The jelly is moderately wounded.
The jelly's fire resistance burns away.
* * * LOW HITPOINT WARNING * * *
The jelly closely misses you.
Casting: Scorch (safe; 6% risk of failure)
Confirm with . or Enter, or press ? or * to list all spells.
Flames lash the jelly.
The jelly is burned terribly!
The jelly is severely wounded.
* * * LOW HITPOINT WARNING * * *
The jelly hits you.
You die...

... .. .. ... # ... #.#.
### ##.####### ####
#.#.#....######...
#@#.#.....##....##
#J#'#[.....'..###
#)#........'..#
#.#.......)'.##
#.#.......##)#####
....J.'##...[(.###.))<>.
....÷÷# ######## #######
######


You could see a jelly (combustible).

Vanquished Creatures
  A jelly (D:3)
  Jessica (D:3)
  3 gnolls (D:2)
  2 adders (D:2)
  A dart slug (D:1)
  A ball python (D:2)
  2 bats
  8 endoplasms
  6 giant cockroaches (D:2)
  5 goblins
  4 hobgoblins
  4 quokkas
  2 frilled lizards
  12 kobolds
  7 rats
59 creatures vanquished.

Vanquished Creatures (others)
  39 foxfires
  3 fungi (D:3)
  8 toadstools (D:3)
50 creatures vanquished.

Grand Total: 109 creatures vanquished

Notes
Turn   | Place    | Note
-------+----------+-------------------------------------------
     0 | D:1      | Arcadio the Djinni Fire Elementalist began the quest for
                  | the Orb.
     0 | D:1      | Arcadio set off with the following spells memorised:
                  | Foxfire, Scorch, Volatile Blastmotes, Inner Flame, Flame
                  | Wave.
     0 | D:1      | Reached XP level 1. HP: 15/15 MP: 0/0
   134 | D:1      | Reached XP level 2. HP: 16/22 MP: 0/0
   350 | D:1      | Reached skill level 1 in Fighting
   472 | D:1      | Found a faded altar of an unknown god.
   479 | D:1      | Prayed at the altar of an unknown god.
   479 | D:1      | Became a worshipper of Qazlal Stormbringer
   479 | D:1      | Reached * piety under Qazlal
   779 | D:2      | Reached XP level 3. HP: 16/27 MP: 0/0
   779 | D:2      | Learned a level 1 spell: Freeze
   782 | D:2      | Reached XP level 4. HP: 6/33 MP: 0/0
  1723 | D:3      | Noticed Jessica
  1729 | D:3      | Killed Jessica
  1730 | D:3      | Reached XP level 5. HP: 35/39 MP: 0/0
  1730 | D:3      | Learned a level 2 spell: Static Discharge
  1946 | D:3      | Reached ** piety under Qazlal
  1967 | D:3      | Gained mutation: You are partially covered in large bone
                  | plates. (SH +4) [potion of mutation]
  1967 | D:3      | Gained mutation: You are clumsy. (Dex -2) [potion of
                  | mutation]
  1973 | D:3      | Slain by a jelly

Illustrated notes

Levels and vault maps discovered:
D:1:      dpeg_arrival_windows_large_door, layout_loops_cross,
          dreamdust_ecumenical_altar_hidden_monk_grotto
D:2:      layout_loops_cross, minmay_worlds_worst_comb
D:3:      cheibrodos_fertilizer, layout_rooms, serial_shops,
          nicolae_shop_back_alley_shop, uniq_jessica

Skill      XL: |  1  2  3  4 |
---------------+-------------+-----
Fighting       | 1 2 |  2.7
Dodging        | 3 |  3.9
Spellcasting   | 3 |  3.2
Stealth        | |  1.5

Action                     |  1- 3 |  4- 6 || total
---------------------------+-------+-------++-------
  Melee: Short sword       |       |     1 ||     1
   Cast: Foxfire           |    22 |     3 ||    25
         Scorch            |    12 |    52 ||    64
    Use: Potion            |       |     2 ||     2
 Armour: Robe              |       |     4 ||     4
  Dodge: Dodged            |     7 |     7 ||    14
  Block: Other             |       |     8 ||     8
